 Dungeon Crawl Stone Soup version 0.31.0-12-g77e489cdc1 (webtiles) character file.

Game seed: 15396065629041120282

46 PaiMei the Grave Robber (level 3, 0/24 HPs)
             Began as a Demonspawn Necromancer on Mar 6, 2024.
             Succumbed to an adder's poison
             ... on level 2 of the Dungeon.
             The game lasted 00:01:40 (1138 turns).

PaiMei the Grave Robber (Demonspawn Necromancer)    Turns: 1138, Time: 00:01:40

Health: 0/24       AC:  2    Str:  8    XL:     3   Next: 44%
Magic:  0/6        EV: 17    Int: 17    God:
Gold:   72         SH:  0    Dex: 13    Spells: 6/7 levels left

rFire   . . .        (no weapon)
rCold   . . .        (no shield)
rNeg    . . .        a - +0 robe
rPois   .            (no helmet)
rElec   .            (no cloak)
rCorr   .            (no gloves)
SInv    .            (no boots)
Will    .....        (no amulet)
Stlth   ++           j - +5 ring of evasion
HPRegen 0.24/turn    (no ring)
MPRegen 0.10/turn

%: no passive effects
@: lethally poisoned (0 -> -2), very slightly contaminated
A: foul stench 1
a: no special abilities


You were on level 2 of the Dungeon.
You visited 1 branch of the dungeon, and saw 2 of its levels.

You collected 72 gold pieces.

Inventory:

Missiles
 c - 3 silver javelins
 h - 3 javelins
 l - 3 datura-tipped darts (quivered)
Armour
 a - a +0 robe (worn)
Jewellery
 d - a ring of ice
 j - a +5 ring of evasion (left hand)
Scrolls
 f - a scroll of fear {unknown}
 g - a scroll of revelation {unknown}
 i - a scroll of noise {unknown}
Potions
 b - a potion of magic
 e - a potion of degeneration {unknown}
 k - 3 potions of brilliance {unknown}
 m - a potion of curing {unknown}


   Skills:
 + Level 2.2 Dodging
 + Level 2.4 Stealth
 + Level 2.5 Spellcasting
 + Level 4.7 Necromancy


You had 6 spell levels left.
You knew the following spells:

 Your Spells              Type           Power      Damage    Failure   Level
a - Necrotise             Necr           72%        1d7       2%          1

Your spell library contained the following spells:

 Spells                   Type           Power      Damage    Failure   Level
 Vampiric Draining        Necr           18%        2d7       8%          3
 Animate Dead             Necr           18%        N/A       26%         4
 Lesser Beckoning         Tloc           4%         N/A       28%         2
 Gell's Gravitas          Tloc           2%         N/A       50%         3
 Teleport Other           Tloc           2%         N/A       50%         3
 Curse of Agony           Necr           18%        N/A       58%         5


Dungeon Overview and Level Annotations

Branches:
Dungeon (2/15)

Altars:

Shops:
D:2 (


Innate Abilities, Weirdness & Mutations

You may rarely emit foul miasma when damaged in melee.


Message History

Casting: Necrotise (safe; 2% risk of failure)
Confirm with . or Enter, or press ? or * to list all spells.
You don't have enough magic to cast this spell.
You barely miss the adder.
The adder is lightly wounded.
Your adder skeleton bites the adder.
The adder bites you.
* * * LOW HITPOINT WARNING * * *
You are lethally poisoned!
The adder poisons you!
Casting: Necrotise (safe; 2% risk of failure)
Confirm with . or Enter, or press ? or * to list all spells.
You don't have enough magic to cast this spell.
You closely miss the adder.
The adder is moderately wounded.
* * * LOW HITPOINT WARNING * * *
You feel sick.
Your adder skeleton closely misses the adder.
The adder barely misses you.
Casting: Necrotise (safe; 2% risk of failure)
Confirm with . or Enter, or press ? or * to list all spells.
You don't have enough magic to cast this spell.
You barely miss the adder.
The adder is moderately wounded.
* * * LOW HITPOINT WARNING * * *
You feel sick. The adder misses you.
Your adder skeleton bites the adder.
The adder misses you.
Casting: Necrotise (safe; 2% risk of failure)
Confirm with . or Enter, or press ? or * to list all spells.
You don't have enough magic to cast this spell.
You barely miss the adder.
The adder is heavily wounded.
* * * LOW HITPOINT WARNING * * *
You feel sick.
Your adder skeleton bites the adder.
The adder closely misses you.
Your adder skeleton barely misses the adder.
Unknown command.
Unknown command.
You barely miss the adder.
The adder is heavily wounded.
You die...

..#.# ######.......
~...###.......<......
~.......##.∩.#.###..# #
~......###.....# ..# .#
...###.###.#..## #..#...
.#............# .....
.<..##.##.....# ...#
.....#.####.#.###S..#
..).#...........@Z..#
.....#..............#
....#######.#....^.....#
............#######.####
....######### .# †..## #
...# .### .#


You could see an adder (ally target) and a friendly adder skeleton.

Vanquished Creatures
  An adder (D:2)
  2 dart slugs
  A ball python (D:1)
  3 bats (D:1)
  5 endoplasms
  2 giant cockroaches (D:1)
  3 goblins
  2 hobgoblins (D:1)
  3 kobolds (D:1)
  3 quokkas
  2 frilled lizards
27 creatures vanquished.

Vanquished Creatures (collateral kills)
  A ball python (D:1)
1 creature vanquished.

Grand Total: 28 creatures vanquished

Notes
Turn   | Place    | Note
-------+----------+-------------------------------------------
     0 | D:1      | PaiMei the Demonspawn Necromancer began the quest for the
                  | Orb.
     0 | D:1      | Reached XP level 1. HP: 13/13 MP: 3/3
   157 | D:1      | Gained mutation: You may rarely emit foul miasma when
                  | damaged in melee. [demonic ancestry]
   157 | D:1      | Reached XP level 2. HP: 19/19 MP: 0/5
   846 | D:2      | Found a faded altar of an unknown god.
   861 | D:2      | Reached XP level 3. HP: 24/24 MP: 3/6
  1103 | D:2      | Found Afebbipt's Antique Weapon Boutique.
  1137 | D:2      | HP: 1/24 [poisoned by an adder]
  1138 | D:2      | Succumbed to an adder's poison

Illustrated notes

Levels and vault maps discovered:
D:1:      ebering_trefoil_twist, layout_basic
D:2:      layout_loops_ring, hellmonk_ecumenical_altar_pennies_from_heaven,
          serial_shops, nicolae_shop_stone

Skill      XL: |  1 |
---------------+----+-----
Stealth        | 2 |  2.4
Dodging        | 2 |  2.2
Spellcasting   | |  2.5
Necromancy     | |  4.7

Action                     || total
---------------------------++-------
  Melee: Unarmed           ||    17
   Cast: Necrotise         ||    47
 Armour: Robe              ||    14
  Dodge: Dodged            ||    33
